PIO (24 & UNDER)
SEATTLE RAINIERS @ JASPER COUGARS
06/09/2030
 
TOP OF THE 1ST
Seattle Rainiers batting - Pitching for Jasper Cougars : RHP Pat Wright
Pitching: RHP Pat Wright
Batting: LHB Pedro Camacho 0-0: Foul Ball, location: 2F
0-1: Swinging Strike
0-2: Fly out, F4 (Popup, 4MD)
Batting: LHB Cisco Villanueva 0-0: Ball
1-0: Ball
2-0: Called Strike
2-1: DOUBLE (Line Drive, 89D)
Pitching: RHP Ramón Caro
Batting: RHB Fred McPhun 0-0: Ball
1-0: Swinging Strike
1-1: Ball
2-1: SINGLE (Groundball, 34D)
Cisco Villanueva to third
Runner from 3rd tries for Home, SAFE, no throw
Batting: RHB Roberto Valentín 0-0: Ball
1-0: Foul Ball, location: 2F
1-1: Foul Ball, location: 2F
1-2: SINGLE (Flyball, 9S)
Fred McPhun to second
Batting: SHB Dwight Hill 0-0: Called Strike
0-1: Foul Ball, location: 2F
0-2: Strikes out looking
Batting: RHB Roberto Casas 0-0: Ball
1-0: Ball
2-0: Ball
3-0: Base on Balls
Fred McPhun to third
Roberto Valentín to second
Batting: SHB Troy Holland 0-0: Ball
1-0: Called Strike
1-1: Ball
2-1: Ball
3-1: Base on Balls
Fred McPhun scores
Roberto Valentín to third
Roberto Casas to second
Batting: RHB Cal Cox 0-0: Ball
1-0: Called Strike
1-1: Swinging Strike
1-2: Strikes out swinging
Top of the 1st over - 2 runs, 3 hits, 0 errors, 3 left on base; Seattle 2 - Jasper 0
BOTTOM OF THE 1ST
Jasper Cougars batting - Pitching for Seattle Rainiers : RHP Ángel Estrada
Pitching: RHP Ángel Estrada
Batting: RHB Júlio González 0-0: Ball
1-0: Ball
2-0: Ball
3-0: Called Strike
3-1: Called Strike
3-2: Foul Ball, location: 2F
3-2: Foul Ball, location: 2F
3-2: Base on Balls
Batting: RHB Félix Sandoval 0-0: Grounds into double play, 6-4-3 (Groundball, 6)
Batting: LHB Iván Soriano 0-0: Ball
1-0: Ball
2-0: Called Strike
2-1: Foul Ball, location: 2F
2-2: Strikes out swinging
Bottom of the 1st over - 0 runs, 0 hits, 0 errors, 0 left on base; Seattle 2 - Jasper 0
TOP OF THE 2ND
Seattle Rainiers batting - Pitching for Jasper Cougars : RHP Ramón Caro
Batting: RHB Diego Molina 0-0: Called Strike
0-1: Bunt missed!
0-2: Ball
1-2: Strikes out swinging
Batting: LHB Pedro Camacho 0-0: Ball
1-0: Called Strike
1-1: Ball
2-1: Ground out 6-3 (Groundball, 56)
Batting: LHB Cisco Villanueva 0-0: Ball
1-0: Called Strike
1-1: Called Strike
1-2: Ground out 4-3 (Groundball, 4)
Top of the 2nd over - 0 runs, 0 hits, 0 errors, 0 left on base; Seattle 2 - Jasper 0
BOTTOM OF THE 2ND
Jasper Cougars batting - Pitching for Seattle Rainiers : RHP Ángel Estrada
Batting: LHB Luis García 0-0: Ball
1-0: Called Strike
1-1: Swinging Strike
1-2: Ball
2-2: Ball
3-2: SINGLE (Groundball, 34D)
Batting: SHB Kel Davis 0-0: Called Strike
Luis García steals 2nd base
0-1: 2-RUN HOME RUN (Flyball, 9LD), Distance : 320 ft
Batting: RHB Richie Sawyer 0-0: Ball
1-0: Swinging Strike
1-1: Foul Ball, location: 2F
1-2: Strikes out looking
Batting: SHB Jerry Young 0-0: SINGLE (Groundball, 5D)
Batting: RHB Alberto Morín 0-0: Ball
1-0: Ball
2-0: Fly out, F4 (Line Drive, 4M)
Batting: RHB Alberto Castillo 0-0: Called Strike
Jerry Young is caught stealing 2nd base
Bottom of the 2nd over - 2 runs, 3 hits, 0 errors, 0 left on base; Seattle 2 - Jasper 2
TOP OF THE 3RD
Seattle Rainiers batting - Pitching for Jasper Cougars : RHP Ramón Caro
Batting: RHB Fred McPhun 0-0: Ball
1-0: Ground out U3 (Groundball, 34S)
Batting: RHB Roberto Valentín 0-0: Called Strike
0-1: Foul Ball, location: 2F
0-2: Ball
1-2: Ball
2-2: Ball
3-2: Foul Ball, location: 2F
3-2: SINGLE (Line Drive, 6MD)
Batting: SHB Dwight Hill 0-0: Ball
1-0: Ball
2-0: Foul Ball, location: 2F
2-1: Fly out, F7 (Flyball, 7S)
Batting: RHB Roberto Casas 0-0: Ball
1-0: Ball
2-0: Ball
3-0: Called Strike
3-1: Foul Ball, location: 2F
3-2: Base on Balls
Roberto Valentín to second
Batting: SHB Troy Holland 0-0: Ball
1-0: Ball
2-0: Ground out 3-1 (Groundball, 34)
Top of the 3rd over - 0 runs, 1 hit, 0 errors, 2 left on base; Seattle 2 - Jasper 2
BOTTOM OF THE 3RD
Jasper Cougars batting - Pitching for Seattle Rainiers : RHP Ángel Estrada
Batting: RHB Alberto Castillo 0-0: Called Strike
0-1: Swinging Strike
0-2: Strikes out swinging
Batting: RHB Júlio González 0-0: Swinging Strike
0-1: Called Strike
0-2: Ball
1-2: Strikes out swinging, 2-3 out at first.
Batting: RHB Félix Sandoval 0-0: Called Strike
0-1: Called Strike
0-2: SINGLE (Line Drive, 9S)
Batting: LHB Iván Soriano 0-0: Ball
1-0: Ball
2-0: Swinging Strike
2-1: Ball
3-1: Swinging Strike
3-2: Foul Ball, location: 2F
3-2: Foul Ball, location: 2F
3-2: SINGLE (Groundball, 56D)
Félix Sandoval to second
Félix Sandoval to third
Batting: LHB Luis García 0-0: Ball
1-0: Ball
2-0: Foul Ball, location: 2F
2-1: Swinging Strike
2-2: Ball
3-2: Strikes out swinging
Bottom of the 3rd over - 0 runs, 2 hits, 0 errors, 2 left on base; Seattle 2 - Jasper 2
TOP OF THE 4TH
Seattle Rainiers batting - Pitching for Jasper Cougars : RHP Ramón Caro
Batting: RHB Cal Cox 0-0: Ball
1-0: Ball
2-0: Called Strike
2-1: Ball
3-1: Foul Ball, location: 2F
3-2: DOUBLE (Line Drive, 9LS)
Batting: RHB Diego Molina 0-0: Ball
1-0: Ball
2-0: Called Strike
2-1: Foul Ball, location: 2F
2-2: Foul Ball, location: 2F
2-2: Ball
3-2: Base on Balls
Batting: LHB Pedro Camacho 0-0: Grounds into double play, 4-6-3 (Groundball, 34)
Cal Cox to third
Batting: LHB Cisco Villanueva 0-0: Ball
1-0: Swinging Strike
1-1: Ball
Passed Ball!
Cal Cox scores
2-1: Foul Ball, location: 2F
2-2: Ground out 4-3 (Groundball, 4)
Top of the 4th over - 1 run, 1 hit, 0 errors, 0 left on base; Seattle 3 - Jasper 2
BOTTOM OF THE 4TH
Jasper Cougars batting - Pitching for Seattle Rainiers : RHP Ángel Estrada
Batting: SHB Kel Davis 0-0: Ball
1-0: Ball
2-0: Foul Ball, location: 2F
2-1: Ball
3-1: Called Strike
3-2: Foul Ball, location: 2F
3-2: Base on Balls
Batting: RHB Richie Sawyer 0-0: 2-RUN HOME RUN (Flyball, 7LD), Distance : 310 ft
Batting: SHB Jerry Young 0-0: Ball
1-0: Called Strike
1-1: Foul Ball, location: 2F
1-2: Ball
2-2: Ball
3-2: Strikes out swinging
Batting: RHB Alberto Morín 0-0: Called Strike
0-1: Ball
1-1: Fly out, F9 (Flyball, 89M)
Batting: RHB Alberto Castillo 0-0: Ball
1-0: Ground out 5-3 (Groundball, 56)
Bottom of the 4th over - 2 runs, 1 hit, 0 errors, 0 left on base; Seattle 3 - Jasper 4
TOP OF THE 5TH
Seattle Rainiers batting - Pitching for Jasper Cougars : RHP Ramón Caro
Batting: RHB Fred McPhun 0-0: Ball
1-0: Ball
2-0: Ground out 4-3 (Groundball, 4)
Batting: RHB Roberto Valentín 0-0: Called Strike
0-1: Ball
1-1: Ball
2-1: Ball
3-1: Foul Ball, location: 2F
3-2: Foul Ball, location: 2F
3-2: Base on Balls
Batting: SHB Dwight Hill 0-0: Called Strike
0-1: Ball
1-1: Ball
2-1: Fly out, F3 (Popup, 3S)
Batting: RHB Roberto Casas 0-0: Ball
1-0: Swinging Strike
1-1: Ground out 4-3 (Groundball, 4)
Top of the 5th over - 0 runs, 0 hits, 0 errors, 1 left on base; Seattle 3 - Jasper 4
BOTTOM OF THE 5TH
Jasper Cougars batting - Pitching for Seattle Rainiers : RHP Ángel Estrada
Batting: RHB Júlio González 0-0: Ball
1-0: Called Strike
1-1: Ball
2-1: Foul Ball, location: 2F
2-2: SINGLE (Line Drive, 4MD)
Batting: RHB Félix Sandoval 0-0: SINGLE (Groundball, 34D)
Júlio González to second
Runner from 2nd tries for 3rd, SAFE, no throw
Batting: LHB Iván Soriano 0-0: Ball
1-0: Called Strike
1-1: Ball
2-1: Foul Ball, location: 2F
2-2: Reached on error, E5 (Groundball, 5L)
Júlio González scores
Félix Sandoval to second
Batting: LHB Luis García 0-0: Fly out, F8 (Flyball, 8RM)
Batting: SHB Kel Davis 0-0: Swinging Strike
0-1: Called Strike
0-2: Foul Ball, location: 2F
0-2: Ball
1-2: Foul Ball, location: 2F
1-2: Strikes out swinging
Batting: RHB Richie Sawyer 0-0: Called Strike
0-1: Foul Ball, location: 2F
0-2: Fly out, F8 (Line Drive, 8RD)
Bottom of the 5th over - 1 run, 2 hits, 1 error, 2 left on base; Seattle 3 - Jasper 5
TOP OF THE 6TH
Seattle Rainiers batting - Pitching for Jasper Cougars : RHP Ramón Caro
Pitching: LHP Alberto Guerra
Batting: SHB Troy Holland 0-0: SINGLE (Line Drive, 56D)
Batting: RHB Cal Cox 0-0: Ball
1-0: Foul Ball, location: 2F
1-1: 2-RUN HOME RUN (Flyball, 7D), Distance : 345 ft
Pitching: LHP Ángel Gonzáles
Batting: RHB Diego Molina 0-0: Ball
1-0: Foul Ball, location: 2F
1-1: Ground out 3-1 (Groundball, 34)
Batting: LHB Pedro Camacho 0-0: Ball
1-0: Ground out 4-3 (Groundball, 4)
Batting: LHB Cisco Villanueva 0-0: Called Strike
0-1: Ball
1-1: Fly out, F9 (Flyball, 9LM)
Top of the 6th over - 2 runs, 2 hits, 0 errors, 0 left on base; Seattle 5 - Jasper 5
BOTTOM OF THE 6TH
Jasper Cougars batting - Pitching for Seattle Rainiers : RHP Ángel Estrada
Batting: SHB Jerry Young 0-0: Ball
1-0: Ground out 5-3 (Groundball, 56S)
Batting: RHB Alberto Morín 0-0: Ground out 1-3 (Groundball, P)
Batting: RHB Alberto Castillo 0-0: Ball
1-0: Foul Ball, location: 2F
1-1: Foul Ball, location: 2F
1-2: Ball
2-2: Ball
3-2: Base on Balls
Batting: RHB Júlio González 0-0: Ball
1-0: Ball
2-0: Foul Ball, location: 2F
2-1: Foul Ball, location: 2F
2-2: Foul Ball, location: 2F
2-2: SINGLE (Groundball, 6MD)
Alberto Castillo to second
Runner from 2nd tries for 3rd, SAFE, no throw
Batting: RHB Félix Sandoval 0-0: Called Strike
0-1: Ball
1-1: Called Strike
1-2: Fly out, F7 (Flyball, 7S)
Bottom of the 6th over - 0 runs, 1 hit, 0 errors, 2 left on base; Seattle 5 - Jasper 5
TOP OF THE 7TH
Seattle Rainiers batting - Pitching for Jasper Cougars : LHP Ángel Gonzáles
Batting: RHB Fred McPhun 0-0: Called Strike
0-1: Called Strike
0-2: Strikes out swinging
Batting: RHB Roberto Valentín 0-0: Swinging Strike
0-1: Ball
1-1: Swinging Strike
1-2: Strikes out looking
Pinch Hitting: RHB Jeff Lawrence 0-0: Ball
1-0: Foul Ball, location: 2F
1-1: Called Strike
1-2: Strikes out swinging
Top of the 7th over - 0 runs, 0 hits, 0 errors, 0 left on base; Seattle 5 - Jasper 5
BOTTOM OF THE 7TH
Jasper Cougars batting - Pitching for Seattle Rainiers : RHP Ángel Estrada
Now at 1B: Jeff Lawrence
Batting: LHB Iván Soriano 0-0: Called Strike
0-1: Ball
1-1: Fly out, F4 (Popup, 34)
Batting: LHB Luis García 0-0: Called Strike
0-1: Ball
1-1: Foul Ball, location: 2F
1-2: SINGLE (Groundball, 56D)
Batting: SHB Kel Davis 0-0: Ball
1-0: Grounds into double play, 5-4-3 (Groundball, 5L)
Bottom of the 7th over - 0 runs, 1 hit, 0 errors, 0 left on base; Seattle 5 - Jasper 5
TOP OF THE 8TH
Seattle Rainiers batting - Pitching for Jasper Cougars : LHP Ángel Gonzáles
Batting: RHB Roberto Casas 0-0: Reached on error, E6 (Groundball, 56)
Pinch Hitting: RHB Enrique Soto 0-0: Ball
1-0: Called Strike
1-1: Foul Ball, location: 2F
1-2: Ball
2-2: Strikes out looking
Pinch Hitting: RHB Jesús Ortíz 0-0: Called Strike
Roberto Casas steals 2nd base
0-1: Fly out, F9 (Flyball, 9LSF)
Pinch Hitting: RHB John Eaves 0-0: Ball
1-0: Ball
2-0: Ball
3-0: Called Strike
3-1: Swinging Strike
3-2: SINGLE (Line Drive, 4M)
Roberto Casas to third
Roberto Casas scores
Batting: LHB Pedro Camacho 0-0: Called Strike
0-1: Called Strike
0-2: Fly out, F9 (Line Drive, 9)
Top of the 8th over - 1 run, 1 hit, 1 error, 1 left on base; Seattle 6 - Jasper 5
BOTTOM OF THE 8TH
Jasper Cougars batting - Pitching for Seattle Rainiers : RHP Ángel Estrada
Now at 2B: Darren Cook
Now at SS: John Eaves
Now in RF: Enrique Soto
Batting: RHB Richie Sawyer 0-0: Called Strike
0-1: Ball
1-1: DOUBLE (Line Drive, 7LS)
Batting: SHB Jerry Young 0-0: Ball
1-0: Called Strike
1-1: Foul Ball, location: 2F
1-2: Ball
2-2: Foul Ball, location: 2F
2-2: Foul Ball, location: 2F
2-2: Ball
3-2: Base on Balls
Pitching: RHP John Ashe
Pinch Hitting: LHB John Miller 0-0: Ball
1-0: Ball
2-0: Called Strike
2-1: SINGLE (Groundball, 6S) (infield hit)
Richie Sawyer to third
Jerry Young to second
Batting: RHB Alberto Castillo 0-0: Ball
1-0: Ball
2-0: Ball
3-0: Called Strike
3-1: Base on Balls
Richie Sawyer scores
Jerry Young to third
John Miller to second
Batting: RHB Júlio González 0-0: Ball
1-0: Ball
2-0: Called Strike
2-1: Ball
3-1: Base on Balls
Jerry Young scores
John Miller to third
Alberto Castillo to second
Batting: RHB Félix Sandoval 0-0: Ball
1-0: Called Strike
1-1: Ball
2-1: Ball
3-1: Hit by Pitch
John Miller scores
Alberto Castillo to third
Júlio González to second
Batting: LHB Iván Soriano 0-0: Ball
1-0: Ball
2-0: Called Strike
2-1: Ball
3-1: Base on Balls
Alberto Castillo scores
Júlio González to third
Félix Sandoval to second
Batting: LHB Luis García 0-0: Swinging Strike
0-1: Ball
1-1: SINGLE (Groundball, 3L) (infield hit)
Júlio González scores
Félix Sandoval to third
Iván Soriano to second
Batting: SHB Kel Davis 0-0: Ball
1-0: Ball
2-0: Ball
3-0: Called Strike
3-1: Base on Balls
Félix Sandoval scores
Iván Soriano to third
Luis García to second
Batting: RHB Richie Sawyer 0-0: Fly out, F8 (Flyball, 8LD)
Runner from 3rd tags up, OUT at HOME
Luis García to third
Kel Davis to second
Batting: SHB Jerry Young 0-0: Called Strike
0-1: Foul Ball, location: 2F
0-2: Ball
1-2: Strikes out swinging
Bottom of the 8th over - 6 runs, 3 hits, 0 errors, 2 left on base; Seattle 6 - Jasper 11
TOP OF THE 9TH
Seattle Rainiers batting - Pitching for Jasper Cougars : LHP Ángel Gonzáles
Now at 2B: Leon Malone
Batting: LHB Cisco Villanueva 0-0: Ball
1-0: Ball
2-0: Called Strike
2-1: Foul Ball, location: 2F
2-2: Foul Ball, location: 2F
2-2: Strikes out swinging
Batting: RHB Fred McPhun 0-0: Called Strike
0-1: Foul Ball, location: 2F
0-2: Foul Ball, location: 2F
0-2: SINGLE (Groundball, 56D)
Batting: RHB Roberto Valentín 0-0: Foul Ball, location: 2F
0-1: Swinging Strike
0-2: Ball
1-2: Ball
2-2: Foul Ball, location: 2F
2-2: Foul Ball, location: 2F
2-2: Strikes out swinging
Batting: RHB Jeff Lawrence 0-0: Ball
1-0: Foul Ball, location: 2F
1-1: Ball
2-1: Ball
3-1: Ground out U3 (Groundball, 23)
Top of the 9th over - 0 runs, 1 hit, 0 errors, 1 left on base; Seattle 6 - Jasper 11
Saturday, April 7th, 2018 - OOTP Baseball 18.8 Build 76